 Seeded DCSS version 0.27.1-4-g1640c2035a (webtiles) character file.

Game seed: 20211103 (custom seed)

86 jessy the Skirmisher (level 4, 0/37 HPs)
             Began as a Demonspawn Chaos Knight on Nov 3, 2021.
             Was a Plaything of Xom.
             Slain by a shadow imp (2 damage)
             ... summoned by Xom
             ... on level 3 of the Dungeon on Nov 5, 2021.
             The game lasted 00:07:56 (1436 turns).

jessy the Skirmisher (Demonspawn Chaos Knight)      Turns: 1436, Time: 00:07:57

Health: 0/37       AC:  3    Str: 14      XL:     4   Next: 26%
Magic:  4/4        EV: 10    Int: 13      God:    Xom [.*....]
Gold:   85         SH:  0    Dex:  6 (12) Spells: 3/3 levels left

rFire    + . .     SeeInvis .   r - +0 rapier
rCold    . . .     Faith    .   (no shield)
rNeg     . . .     Spirit   .   q - +0 ring mail
rPois    .         Reflect  .   (no helmet)
rElec    .         Harm     .   (no cloak)
rCorr    .         Rampage  .   (no gloves)
Will     .....                  (no boots)
Stlth    ..........             (no amulet)
HPRegen  0.12/turn              p - ring of protection from fire
MPRegen  0.09/turn              (no ring)

@: flying, hasted, very quick
A: hooves 1, powered by death 1, deformed body
a: Renounce Religion


You were on level 3 of the Dungeon.
You worshipped Xom.
You were a plaything of Xom.
You visited 1 branch of the dungeon, and saw 3 of its levels.

You collected 85 gold pieces.

Inventory:

Hand Weapons
 a - a +0 falchion of chaos
 e - a +0 dagger
 k - a +0 hunting sling
 o - a +0 spear
 r - a +0 rapier (weapon)
Missiles
 c - 9 boomerangs (quivered)
Armour
 b - a +2 leather armour
 q - a +0 ring mail (worn)
 s - a +0 cloak
Jewellery
 p - a ring of protection from fire (left hand)
Wands
 t - a wand of polymorph (7)
Scrolls
 d - a scroll of blinking
 f - a scroll of enchant armour {unknown}
 g - 2 scrolls of identify
 h - 2 scrolls of amnesia {unknown}
 i - a scroll of teleportation {unknown}
 l - a scroll of vulnerability {unknown}
 n - a scroll of immolation {unknown}


   Skills:
 + Level 3.7 Fighting
 + Level 3.7 Long Blades
 + Level 2.2 Armour
 + Level 1.2 Dodging
 + Level 0.2 Stealth


You had 3 spell levels left.
You didn't know any spells.
Your spell library contained the following spells:

 Spells                   Type           Power      Damage    Failure   Level
 Slow                     Hex            0%         N/A       67%         2
 Confusing Touch          Hex            0%         N/A       88%         3
 Stone Arrow              Conj/Erth      0%         3d7       88%         3
 Animate Armour           Summ/Erth      0%         N/A       99%         4
 Yara's Violent Unravell  Hex/Tmut       0%         3d3       100%        5
 Lehudib's Crystal Spear  Conj/Erth      0%         10d2      100%        8


Dungeon Overview and Level Annotations

Branches:
Dungeon (3/15)

Altars:


Innate Abilities, Weirdness & Mutations

You have large cloven feet.
You regenerate a little health from kills.
Armour fits poorly on your strangely shaped body.


Message History

You feel clumsy. The quasit claws you.
You feel clumsy. The quasit claws you.
It was a potion of haste.
You feel yourself speed up. The quasit closely misses you.
The quasit claws you.
* * * LOW HITPOINT WARNING * * *
You feel clumsy.
The quasit claws you but does no damage.
The quasit bites you.
* * * LOW HITPOINT WARNING * * *
The quasit misses you. x2; The shadow imp barely misses you.
You hit the shadow imp.
You kick the shadow imp, but do no damage.
The shadow imp is heavily wounded.
The quasit bites you.
* * * LOW HITPOINT WARNING * * *
The quasit claws you but does no damage. x2
The quasit bites you but does no damage.
The quasit claws you.
* * * LOW HITPOINT WARNING * * *
The quasit claws you.
* * * LOW HITPOINT WARNING * * *
The shadow imp hits you.
* * * LOW HITPOINT WARNING * * *
You closely miss the shadow imp. Your kick misses the shadow imp.
The shadow imp is heavily wounded.
The quasit closely misses you.
The quasit claws you but does no damage.
The quasit closely misses you.
The quasit bites you but does no damage.
The quasit claws you but does no damage.
The quasit claws you.
* * * LOW HITPOINT WARNING * * *
You feel clumsy.
You closely miss the shadow imp.
The shadow imp is heavily wounded.
The shadow imp hits you.
You die... "Boring in life, boring in death..."

..........##......##...# #...
.............########..###...
......#......................
........##########...........
...#......## #.#..#.#....
####....## #...##....##
###...# ###.##<.....
##.5##### #..##.#... #.5@5..#
#..##.#...
###?##.............. #.#
###......... #.# #.#.....##
#.# #....... #.# #....... #..
#....... ### #.#.......
#.........


You could see 2 quasits and a shadow imp (summoned).

Vanquished Creatures
  2 adders (D:2)
  2 worms
  2 dart slugs (D:1)
  4 orcs (D:3)
  4 bats
  3 endoplasms
  3 giant cockroaches (D:3)
  6 goblins
  3 hobgoblins
  4 jackals (D:3)
  A quokka (D:3)
  4 ball pythons
  3 frilled lizards
  4 kobolds
  3 rats
48 creatures vanquished.

Vanquished Creatures (collateral kills)
  2 endoplasms (D:1)
  A kobold (D:1)
3 creatures vanquished.

Grand Total: 51 creatures vanquished

Notes
Turn   | Place    | Note
-------+----------+-------------------------------------------
     0 | D:1      | jessy the Demonspawn Chaos Knight began the quest for the
                  | Orb.
     0 | D:1      | Reached XP level 1. HP: 18/18 MP: 1/1
   202 | D:1      | Reached skill level 1 in Dodging
   249 | D:1      | XOM: divination: magic mapping
   379 | D:1      | Gained mutation: You have large cloven feet. [demonic
                  | ancestry]
   379 | D:1      | Reached XP level 2. HP: 17/24 MP: 2/2
   660 | D:2      | Gained mutation: You regenerate a little health from kills.
                  | [demonic ancestry]
   660 | D:2      | Reached XP level 3. HP: 29/29 MP: 3/3
   921 | D:2      | XOM: scenery: summon butterflies
  1165 | D:3      | Reached XP level 4. HP: 30/37 MP: 4/4
  1170 | D:3      | XOM: give mutation
  1170 | D:3      | Gained mutation: Armour fits poorly on your strangely
                  | shaped body. [Xom's mischief]
  1426 | D:3      | XOM: summons 3 hostile demons
  1436 | D:3      | Slain by a shadow imp

Illustrated notes

Levels and vault maps discovered:
D:1:      sevenhm_arrival_forest_fort_small_3, layout_basic,
          minmay_rat_gold_closets
D:2:      layout_basic, minmay_fractal_squares_5
D:3:      layout_rooms

Skill      XL: |  1  2 |
---------------+-------+-----
Dodging        | 1 |  1.2
Long Blades    | 3 |  3.7
Armour         | 2 |  2.2
Fighting       | |  3.7
Stealth        | |  0.2

Action                   |  1- 3 |  4- 6 || total
-------------------------+-------+-------++-------
Melee: Falchion          |    65 |     2 ||    67
       Kick              |    14 |     9 ||    23
       Rapier            |       |    32 ||    32
  Use: Scroll            |     1 |     1 ||     2
       Potion            |       |     2 ||     2
 Stab: Sleeping          |     1 |       ||     1
Armor: Leather armour    |    31 |       ||    31
       Ring mail         |    16 |    30 ||    46
Dodge: Dodged            |    76 |    49 ||   125
       Rpst.: Falchion   |    25 |     3 ||    28
